AoeStats
← 羅賓不流汗

Black Forest

506353053Analyzed
4v4 RM · 21d ago on Sep 13, 2026· 95m 26s· 8 players
Game mode
Random Map
Map size
Large (8 player)
Population
200
Speed
Normal
Resources
Standard
Victory
Conquest
Starting age
Dark Age
Ending age
Imperial Age
RankedLock teamsTeams togetherTeam positionsShared explorationLock speedFull tech treeHidden civsTurbo modeCheats
Victory
Defeat
🇦🇹 Wei · Austria
884
+15
🇦🇹 Khitans · Austria
880
+16
🇺🇸 Italians · United States
852
+17
🇦🇹 Aztecs · Austria
841
+17
🇹🇷 Ethiopians · Türkiye
925
-18
🇪🇸 Japanese · Spain
915
-18
🇹🇼 Berbers · Taiwan
834
-15
🇹🇼 Bulgarians · Taiwan
812
-14
xxkilla81
0:27 Loom
13:27 Feudal Age
13:47 Horse Collar
13:57 Double-Bit Axe
16:27 Wheelbarrow
20:49 Castle Age
19:49 Forging
19:43 Scale Mail Armor
19:41 Arson
21:32 Heavy Plow
21:45 Bow Saw
24:04 Iron Casting
23:56 Chain Mail Armor
24:11 Gold Mining
26:31 Squires
26:17 Gambesons
30:12 Hand Cart
33:02 Gold Shaft Mining
33:14 Caravan
33:20 Treadmill Crane
33:51 Fortified Wall
34:56 Ballistics
34:27 Heated Shot
34:30 Guard Tower
39:12 Imperial Age
39:59 Padded Archer Armor
39:49 Fletching
40:05 Atlatl
40:45 Garland Wars
39:57 Sappers
40:49 Conscription
41:10 Crop Rotation
41:36 Elite Skirmisher
42:06 Elite Jaguar Warrior
43:28 Bodkin Arrow
43:49 Leather Archer Armor
44:35 Blast Furnace
46:57 Plate Mail Armor
46:28 Bracer
50:26 Chemistry
49:32 Siege Engineers
49:13 Arrowslits
49:30 Murder Holes
50:01 Pikeman
63:42 Crossbowman
65:56 Onager
67:13 Arbalester
76:33 Siege Onager
UciKopti
9:34 Loom
11:26 Feudal Age
16:46 Castle Age
16:21 Double-Bit Axe
16:43 Stone Mining
18:06 Stone Shaft Mining
19:03 Bow Saw
20:52 Horse Collar
25:23 Wheelbarrow
25:44 Treadmill Crane
26:30 Heavy Plow
29:12 Gold Mining
32:11 Imperial Age
30:04 Padded Archer Armor
29:54 Fletching
30:28 Ballistics
31:17 Leather Archer Armor
31:02 Murder Holes
32:15 Hand Cart
31:59 Bodkin Arrow
32:50 Gold Shaft Mining
32:34 Caravan
33:38 Conscription
34:07 Ming Guang Armor
33:48 Tuntian
35:00 Crop Rotation
35:29 Parthian Tactics
37:02 Chemistry
36:04 Bracer
36:35 Ring Archer Armor
39:00 Elite Tiger Cavalry
42:34 Scale Mail Armor
42:45 Forging
42:41 Scale Barding Armor
46:56 Iron Casting
46:42 Chain Barding Armor
70:46 Capped Ram
71:18 Onager
77:16 Bloodlines
76:26 Light Cavalry
78:55 Husbandry
78:16 Heavy Hei Guang Cavalry
78:16 Hussar
79:37 Thumb Ring
80:16 Siege Ram
pektas6161
0:27 Loom
16:17 Feudal Age
16:43 Double-Bit Axe
18:57 Domestication
30:38 Castle Age
29:52 Gold Mining
32:01 Bow Saw
31:54 Pastoralism
32:54 Stone Mining
34:42 Wheelbarrow
35:38 Hand Cart
38:50 Imperial Age
38:27 Caravan
39:12 Forging
39:02 Scale Mail Armor
41:47 Two-Man Saw
42:01 Scale Barding Armor
44:07 Chain Barding Armor
44:02 Chain Mail Armor
44:23 Iron Casting
43:18 Elite Skirmisher
44:18 Elite Steppe Lancer
49:05 Transhumance
50:46 Plate Barding Armor
50:42 Plate Mail Armor
50:47 Iron Casting
52:22 Ordo Cavalry
52:58 Elite Fire Lancer
57:45 Iron Casting
56:33 Elite Liao Dao
76:53 Conscription
76:41 Lamellar Armor
83:22 Light Cavalry
86:17 Pikeman
86:58 Squires
86:44 Arson
88:55 Hussar
XxMasterxX
0:27 Loom
14:23 Feudal Age
14:50 Horse Collar
18:24 Town Watch
21:25 Castle Age
20:05 Fletching
20:12 Stone Mining
20:30 Double-Bit Axe
20:54 Gold Mining
26:13 Wheelbarrow
29:55 Squires
30:57 Heavy Plow
31:09 Bow Saw
32:26 Forging
32:17 Scale Mail Armor
32:17 Padded Archer Armor
32:23 Scale Barding Armor
32:14 Bodkin Arrow
36:27 Imperial Age
35:11 Caravan
36:29 Iron Casting
36:52 Hand Cart
37:44 Conscription
39:25 Blast Furnace
38:42 Leather Archer Armor
39:54 Silk Road
39:58 Chain Mail Armor
40:02 Town Patrol
41:38 Ring Archer Armor
41:31 Chain Barding Armor
42:21 Chemistry
41:36 Murder Holes
43:03 Plate Mail Armor
43:14 Elite Genoese Crossbowman
44:44 Arson
44:21 Pikeman
45:07 Bracer
47:27 Plate Barding Armor
50:25 Two-Man Saw
63:46 Masonry
67:46 Architecture
67:50 Cavalier
68:42 Bloodlines
68:34 Husbandry
你行Nissan阿
0:28 Loom
16:43 Feudal Age
21:47 Castle Age
19:53 Horse Collar
20:00 Double-Bit Axe
22:36 Heavy Plow
25:06 Wheelbarrow
33:41 Hand Cart
34:32 Husbandry
37:44 Imperial Age
35:33 Bow Saw
36:38 Gold Mining
36:39 Stone Mining
37:04 Forging
36:59 Scale Barding Armor
37:50 Ballistics
37:27 Murder Holes
37:23 Heated Shot
38:30 Gold Shaft Mining
38:30 Stone Shaft Mining
38:43 Stirrups
39:09 Conscription
39:42 Siege Engineers
40:38 Chemistry
40:18 Bloodlines
40:36 Elite Konnik
43:12 Iron Casting
42:58 Chain Barding Armor
47:52 Blast Furnace
47:27 Plate Barding Armor
46:37 Onager
49:48 Caravan
53:59 Masonry
53:40 Guard Tower
59:41 Light Cavalry
63:57 Heavy Scorpion
77:06 Squires
76:26 Pikeman
77:14 Halberdier
80:28 Hussar
83:17 Fletching
83:28 Scale Mail Armor
89:00 Gambesons
羅賓不流汗
0:45 Loom
11:59 Feudal Age
13:01 Double-Bit Axe
18:08 Horse Collar
21:39 Castle Age
20:07 Gold Mining
20:10 Stone Mining
23:11 Bow Saw
25:34 Heavy Plow
34:20 Imperial Age
33:49 Husbandry
34:00 Bloodlines
34:40 Wheelbarrow
34:15 Caravan
35:12 Stone Shaft Mining
35:46 Gold Shaft Mining
34:54 Fishing Lines
35:47 Crop Rotation
35:57 Hand Cart
37:07 Maghrebi Camels
37:54 Guilds
38:37 Conscription
37:58 Elite Camel Archer
39:48 Elite Genitour
41:26 Scale Barding Armor
41:12 Fletching
41:23 Padded Archer Armor
42:27 Chemistry
41:48 Ballistics
41:26 Murder Holes
42:48 Coinage
43:27 Chain Barding Armor
43:22 Leather Archer Armor
43:02 Bodkin Arrow
50:24 Plate Barding Armor
50:19 Ring Archer Armor
49:50 Bracer
52:40 Heated Shot
52:55 Siege Engineers
59:53 Masonry
59:54 Fortified Wall
60:22 Hoardings
61:09 Treadmill Crane
65:16 Banking
70:02 Pikeman
70:43 Squires
72:48 Arson
74:39 Scale Mail Armor
74:49 Forging
ElusiveDrake803
12:50 Feudal Age
18:26 Castle Age
17:40 Horse Collar
17:52 Double-Bit Axe
21:21 Forging
21:08 Loom
25:33 Bow Saw
26:52 Wheelbarrow
27:33 Heavy Plow
27:18 Fishing Lines
32:15 Imperial Age
30:42 Guard Tower
31:21 Hand Cart
31:24 Gillnets
31:53 Fletching
32:04 Padded Archer Armor
32:29 Ballistics
31:48 Pikeman
32:28 Squires
34:09 Chemistry
32:44 Halberdier
34:09 Iron Casting
33:34 Scale Mail Armor
33:32 Gold Mining
33:32 Stone Mining
34:47 Conscription
34:17 Arrowslits
35:08 Keep
36:09 Two-Man Saw
35:26 Leather Archer Armor
35:21 Heavy Scorpion
36:47 Masonry
36:37 Arson
37:34 Caravan
37:46 Gambesons
39:15 Blast Furnace
38:11 Bodkin Arrow
38:27 Yasama
40:32 Onager
42:36 Bracer
43:07 Ring Archer Armor
46:25 Kataparuto
46:08 Elite Skirmisher
48:29 Hoardings
54:23 Siege Engineers
54:14 Murder Holes
58:11 Chain Mail Armor
58:02 Scale Barding Armor
Hayallerde
0:39 Loom
21:32 Feudal Age
24:15 Town Watch
25:03 Double-Bit Axe
27:44 Horse Collar
33:27 Castle Age
40:17 Man-at-Arms
41:38 Elite Skirmisher
45:08 Wheelbarrow
44:45 Bow Saw
50:52 Imperial Age
54:36 Hand Cart
54:54 Light Cavalry
57:17 Crossbowman
68:55 Husbandry
69:47 Squires
73:28 Halberdier
78:19 Chemistry
80:18 Elite Genitour
81:43 Long Swordsman
92:15 Fortified Wall
Connection lost

Rejoining the realm…

Still unreachable

The connection could not be restored.

Session expired

The server has moved on; the page needs a fresh start.